Map: [ESL] Waterfall

Players

Serral - Winner!

  • Race: Zerg Zerg
  • Spawn Location: 1:00

KingCobra

  • Race: Protoss Protoss
  • Spawn Location: 7:00

Event: DreamHack SC2 Masters 2022 Atlanta (Online)

VOD

Have the link to the VOD?

Description

Time

  • Played on: Oct. 8, 2022, 2 p.m.
  • Length: 9:35

All games in this series

Show
View Real Time Build Order
Export as new Build Order

Serral Zerg - Winner!

Build Orders: Hatch First 

Get SALT Encoding   

  12  0:00  Drone  
  13  0:12  Overlord  
  13  0:17  Drone  
  14  0:30  Drone x2  
  16  0:48  Hatchery  
  15  0:52  Drone  
  15  0:55  Drone  
  17  0:58  Drone  
  18  1:09  Extractor  
  17  1:14  Spawning Pool  
  17  1:17  Drone  
  17  1:20  Drone  
  18  1:27  Drone  
  19  1:38  Drone  
  20  1:48  Drone  
  21  2:00  Queen  
  21  2:01  Zergling x2, Queen  
  25  2:02  Overlord  
  26  2:10  Drone  
  26  2:11  Drone  
  26  2:12  Metabolic Boost  
  28  2:22  Drone x2  
  30  2:35  Hatchery  
  30  2:36  Drone  
  30  2:39  Drone  
  31  2:45  Queen  
  31  2:48  Overlord  
  34  2:51  Drone  
  34  2:53  Drone  
  34  2:54  Drone  
  36  3:04  Overlord  
  36  3:07  Queen  
  36  3:09  Drone  
  36  3:10  Drone x2  
  42  3:12  Drone  
  42  3:15  Drone  
  42  3:18  Drone  
  44  3:22  Queen  
  46  3:29  Overlord  
  46  3:33  Drone  
  47  3:39  Drone  
  47  3:41  Drone  
  49  3:44  Drone x2  
  49  3:47  Queen, Overlord  
  49  3:48  Overlord  
  53  3:53  Drone x4  
  57  4:02  Spore Crawler  
  56  4:03  Spore Crawler, Zergling x2  
  56  4:04  Zergling x4  
  56  4:09  Drone  
  58  4:13  Drone x4  
  58  4:15  Zergling x2  
  63  4:21  Zergling x2  
  63  4:22  Drone  
  65  4:25  Drone x4  
  65  4:30  Drone, Roach Warren  
  69  4:44  Drone x5  
  73  4:47  Lair  
  73  4:49  Extractor x2  
  71  4:53  Queen, Overlord  
  71  4:55  Overlord  
  71  4:59  Spore Crawler, Drone, Hatchery  
  72  5:02  Drone  
  72  5:04  Overlord  
  73  5:08  Overlord  
  73  5:10  Drone  
  73  5:13  Drone  
  73  5:14  Drone x5  
  77  5:19  Drone x6  
  85  5:24  Drone x4  
  85  5:25  Drone  
  90  5:29  Extractor  
  90  5:30  Extractor x2  
  90  5:33  Drone  
  90  5:35  Drone x2  
  90  5:39  Queen x2  
  90  5:40  Evolution Chamber  
  90  5:41  Overlord  
  90  5:42  Drone  
  94  5:46  Overseer  
  94  5:47  Glial Reconstitution  
  94  5:51  Spire  
  94  5:54  Zergling x2  
  94  5:57  Drone x5  
  99  6:02  Drone x4  
  103  6:05  Overlord  
  103  6:06  Roach  
  103  6:09  Roach  
  111  6:11  Roach x3  
  111  6:15  Overlord  
  113  6:18  Roach  
  113  6:19  Roach  
  113  6:21  Overlord  
  113  6:22  Extractor, Overlord  
  113  6:23  Extractor  
  113  6:25  Overlord  
  115  6:29  Overlord  
  115  6:39  Queen  
  114  6:40  Queen x2  
  114  6:42  Roach  
  114  6:46  Roach  
  114  6:47  Roach x4  
  130  6:51  Roach x3  
  130  6:52  Roach  
  138  6:57  Roach x3  
  141  7:04  Roach x5  
  140  7:09  Roach  
  140  7:10  Roach x3  
  140  7:15  Queen, Roach x4  
  146  7:21  Roach x4  
  146  7:26  Drone  
  146  7:27  Drone  
  140  7:32  Roach x6  
  138  7:54  Mutalisk  
  138  7:55  Mutalisk x9  
  146  8:03  Drone  
  146  8:05  Mutalisk x3  
  145  8:11  Mutalisk  
  153  8:15  Overlord  
  153  8:16  Overlord x3  
  153  8:33  Roach x5  
  159  8:44  Roach x10  
  179  8:54  Roach x4  
  179  8:55  Roach x2  
  189  9:00  Ravager x2  
  189  9:01  Overlord  
  191  9:07  Overlord  
  191  9:13  Ravager  
Show
View Real Time Build Order
Export as new Build Order

KingCobra Protoss 

Build Orders: 1 Gate Expand, Oracle Opening 

Get SALT Encoding   

  12  0:00  Probe  
  13  0:12  Probe  
  14  0:18  Pylon  
  14  0:24  Probe  
  15  0:37  Gateway  
  15  0:38  Probe (Chrono Boost)  
  16  0:47  Probe (Chrono Boost)  
  16  0:48  Assimilator  
  17  0:52  Probe (Chrono Boost)  
  18  1:04  Probe (Chrono Boost)  
  18  1:06  Assimilator  
  19  1:14  Probe (Chrono Boost)  
  20  1:19  Probe (Chrono Boost)  
  21  1:28  Cybernetics Core  
  21  1:42  Nexus  
  21  1:44  Probe  
  22  1:51  Pylon  
  22  1:56  Probe  
  23  2:09  Probe (Chrono Boost), Stalker  
  26  2:18  Probe (Chrono Boost), Stargate  
  27  2:23  Probe (Chrono Boost)  
  27  2:24  Warp Gate  
  28  2:35  Probe  
  29  2:41  Shield Battery  
  29  2:47  Probe  
  30  2:54  Probe  
  31  2:59  Probe  
  31  3:01  Gateway  
  32  3:08  Probe (Chrono Boost)  
  32  3:09  Void Ray (Chrono Boost)  
  37  3:18  Probe (Chrono Boost)  
  39  3:20  Probe (Chrono Boost)  
  39  3:22  Pylon  
  39  3:25  Probe (Chrono Boost)  
  39  3:26  Probe (Chrono Boost)  
  41  3:34  Probe  
  41  3:37  Probe  
  41  3:40  Oracle  
  46  3:46  Probe  
  46  3:47  Twilight Council, Forge  
  47  3:55  Probe  
  48  3:56  Pylon  
  48  4:12  Nexus  
  48  4:13  Charge  
  48  4:14  Probe x2, Pylon  
  50  4:17  Protoss Ground Weapons Level 1 (Chrono Boost)  
  50  4:26  Probe  
  50  4:27  Probe  
  52  4:34  Pylon  
  52  4:48  Probe x2  
  52  4:49  Pylon  
  52  4:52  Photon Cannon, Void Ray  
  58  4:53  Shield Battery  
  58  4:57  Gateway  
  58  4:59  Gateway  
  58  5:03  Probe  
  58  5:04  Probe  
  58  5:17  Gateway  
  58  5:19  Gateway x2, Protoss Air Weapons Level 1  
  58  5:21  Probe x2  
  60  5:39  Gateway  
  60  5:40  Gateway  
  60  5:41  Gateway  
  60  5:44  Gateway, Pylon  
  60  5:45  Probe x2  
  62  5:51  Probe  
  64  5:57  Probe  
  64  6:06  Zealot  
  64  6:07  Zealot  
  64  6:10  Zealot  
  70  6:14  Zealot x4, Templar Archives  
  78  6:18  Probe  
  78  6:19  Probe x2  
  81  6:31  Zealot x3  
  87  6:41  Zealot  
  87  6:42  Zealot x7  
  87  6:45  Pylon  
  87  6:46  Pylon  
  103  6:51  Probe x3  
  103  6:53  Assimilator  
  106  6:57  Assimilator  
  104  7:01  Zealot x2  
  104  7:02  Zealot  
  104  7:03  Zealot x2  
  104  7:04  Zealot  
  110  7:12  Zealot x4  
  100  7:28  Zealot x7  
  100  7:32  Probe x2  
  100  7:34  Assimilator  
  100  7:36  Assimilator  
  96  7:42  Void Ray (Chrono Boost)  
  94  7:49  Probe x2  
  94  7:50  High Templar x4  
  104  7:54  Probe  
  101  8:01  Probe  
  94  8:06  Probe x2  
  94  8:12  Archon, Pylon  
  94  8:13  Archon  
  94  8:17  Void Ray  
  94  8:21  Photon Cannon, Stargate  
  94  8:22  Zealot  
  94  8:23  Zealot x6  
  108  8:29  Probe x3  
  107  8:35  Zealot x3  
  109  8:50  Stalker x3  
  109  8:51  Stalker  
  110  8:59  Phoenix (Chrono Boost)  
  109  9:08  Phoenix (Chrono Boost)  
  111  9:11  Fleet Beacon  
  111  9:14  Probe x2  
  111  9:25  Zealot x2  
  111  9:26  Zealot x3  
Tags
 
Add a new tag
Caveats
  • Supply blocks, unpowered buildings, or Contaminate may cause inaccurate times.
  • Supply counts are checked every 10 seconds.